 Dungeon Crawl Stone Soup version 0.29.1-4-g47bece8355 (webtiles) character file.

Game seed: 4013687995323618165

5 MajorAdolf the Chucker (level 1, 0/18 HPs)
             Began as a Naga Wanderer on Dec 11, 2022.
             Killed from afar by a dart slug (4 damage)
             ... with a slug dart
             ... on level 1 of the Dungeon.
             The game lasted 00:00:57 (49 turns).

MajorAdolf the Chucker (Naga Wanderer)                Turns: 49, Time: 00:00:58

Health: 0/18       AC:  1    Str: 13    XL:     1   Next: 80%
Magic:  2/2        EV:  9    Int: 12    God:
Gold:   0          SH:  0    Dex: 11    Spells: 1/2 levels left

rFire   . . .      SeeInvis +   a - +3 dagger
rCold   . . .      Faith    .   (no shield)
rNeg    . . .      Spirit   .   d - +0 leather armour
rPois   +          Reflect  .   (no helmet)
rElec   .          Harm     .   (no cloak)
rCorr   .          Rampage  .   (no gloves)
Will    .....                   (no barding)
Stlth   +.........              (no amulet)
HPRegen 0.06/turn               (no ring)
MPRegen 0.08/turn               (no ring)

@: very slow
A: AC +0, large, see invisible, deformed body, poison resistance, slowness 2,
spit poison 1, naga tail 1
a: Spit Poison


You were on level 1 of the Dungeon.
You visited 1 branch of the dungeon, and saw 1 of its levels.

Inventory:

Hand Weapons
 a - a +3 dagger (weapon)
Missiles
 b - 3 curare-tipped darts (quivered)
Armour
 d - a +0 leather armour (worn)
Scrolls
 c - a scroll of butterflies
 e - a scroll of magic mapping {unknown}
 f - a scroll of enchant weapon {unknown}


   Skills:
 + Level 1.3 Fighting
 - Level 4.5 Throwing
 + Level 0.3 Armour
 + Level 1.1 Dodging
 - Level 1.0 Spellcasting
 - Level 1.0 Summonings
 - Level 1.0 Evocations


You had one spell level left.
You knew the following spells:

 Your Spells              Type           Power      Damage    Failure   Level
a - Summon Small Mammal   Summ           12%        N/A       26%         1

Your spell library contained the following spells:

 Spells                   Type           Power      Damage    Failure   Level
 Summon Guardian Golem    Hex/Summ       1%         N/A       67%         3


Dungeon Overview and Level Annotations

Branches:
Dungeon (1/15)

Altars:


Innate Abilities, Weirdness & Mutations

Your serpentine skin is tough. (AC +0)
You have supernaturally acute eyesight. (SInv)
Armour fits poorly on your strangely shaped body.
Your system is resistant to poisons. (rPois)
You cover ground very slowly.
You can spit poison.
You have a snake-like lower body.


Message History

You kill the frilled lizard!
An endoplasm comes into view.
The dart slug launches a dart at you. The slug dart hits you.
A dart slug comes into view.
You have got your breath back.
The dart slug launches a dart at you. The slug dart hits you.
You see here a bat corpse.
Aiming: Spit Poison (3% risk of failure)
Press: ? - help, Shift-Dir - straight line, f - endoplasm
Aim: an endoplasm (wandering, hasn't noticed you, 96% to hit)
Okay, then.
Aiming: Spit Poison (3% risk of failure)
Press: ? - help, Shift-Dir - straight line, f - dart slug
Aim: a dart slug (100% to hit)
The splash of poison hits the dart slug.
The dart slug is poisoned.
The dart slug is lightly wounded.
The endoplasm quivers.
You have got your breath back.
Unknown command.
The dart slug launches a dart at you. The slug dart hits you.
* * * LOW HITPOINT WARNING * * *
Unknown command.
You kill the dart slug!
Aiming: Spit Poison (3% risk of failure)
Press: ? - help, Shift-Dir - straight line, f - endoplasm
Aim: an endoplasm (96% to hit)
The splash of poison hits the endoplasm.
The endoplasm is poisoned.
The endoplasm is moderately wounded.
Unknown command.
You hit the endoplasm.
You kill the endoplasm!
You have got your breath back.
The dart slug launches a dart at you. The slug dart hits you.
You die...

#...P.♣.P.PPP♣♣......†.......
#.#....PP...P♣P..............
#...PP.P....P..P.ww..#.......
♣P<......P...#...#.###...
♣♣PP...P...........###...
♣♣♣.......#+###.........
♣♣.PP...#.....|.#.##...
P.P....................
.PPP....@#....##.#.##..
...P......#.#+###.#.# ..
#..P....#.#.# #.# # .
.....##.#.# #.# .#### #.#.#
..# #.# ## #.# ..#


You could see a dart slug.

Vanquished Creatures
  A dart slug (D:1)
  An endoplasm (D:1)
  A bat (D:1)
  A frilled lizard (D:1)
4 creatures vanquished.

Notes
Turn   | Place    | Note
-------+----------+-------------------------------------------
     0 | D:1      | MajorAdolf the Naga Wanderer began the quest for the Orb.
     0 | D:1      | MajorAdolf set off with the following items: a +3 dagger, 3
                  | curare-tipped darts, a scroll of butterflies, a +0 leather
                  | armour; and the following spell memorised: Summon Small
                  | Mammal; and the following spells available to memorise:
                  | Summon Guardian Golem.
     0 | D:1      | Reached XP level 1. HP: 18/18 MP: 2/2
    49 | D:1      | Killed from afar by a dart slug

Illustrated notes

Levels and vault maps discovered:
D:1:      spicycebolla_arrival_clurvy, layout_basic,
          ebering_ecumenical_altar_webs, bh_walls_and_bars

Action                   || total
-------------------------++-------
Melee: Dagger            ||     1
 Abil: Spit Poison       ||     4
